Map: Frozen Temple

Players

Jay

  • Race: Protoss Protoss
  • League: Platinum

Nickos - Winner!

  • Race: Terran Terran
  • League: Gold

VOD

Have the link to the VOD?

Description

Time

  • Played on: Sept. 30, 2016, 11:42 p.m.
  • Length: 11:27
Show
View Real Time Build Order
Export as new Build Order

Jay Protoss 

Build Orders:  

Get SALT Encoding   

  12  0:01  Probe (Chrono Boost)  
  13  0:17  Pylon  
  13  0:18  Probe (Chrono Boost)  
  14  0:29  Probe (Chrono Boost)  
  15  0:38  Gateway  
  15  0:39  Probe (Chrono Boost)  
  16  0:47  Assimilator  
  16  0:52  Probe (Chrono Boost)  
  17  0:58  Assimilator  
  17  1:03  Probe (Chrono Boost)  
  18  1:13  Probe (Chrono Boost)  
  19  1:25  Cybernetics Core  
  20  1:32  Probe (Chrono Boost)  
  20  1:43  Probe (Chrono Boost)  
  21  1:54  Probe (Chrono Boost)  
  22  1:56  Warp Gate  
  22  2:03  Gateway  
  22  2:04  Gateway  
  22  2:06  Adept  
  23  2:27  Pylon  
  23  2:32  Pylon  
  22  2:49  Mothership Core (Chrono Boost), Adept  
  23  2:52  Adept  
  27  3:08  Probe (Chrono Boost)  
  29  3:20  Probe (Chrono Boost)  
  29  3:33  Probe (Chrono Boost)  
  30  3:45  Twilight Council  
  30  4:05  Stalker x3  
  30  4:09  Probe (Chrono Boost)  
  37  4:19  Nexus  
  31  4:41  Pylon  
  31  4:43  Pylon  
  31  4:45  Adept x3  
  35  4:48  Resonating Glaives  
  38  4:54  Probe (Chrono Boost)  
  38  5:02  Pylon  
  38  5:12  Robotics Facility  
  39  5:22  Probe (Chrono Boost)  
  39  5:35  Probe (Chrono Boost)  
  41  5:36  Probe (Chrono Boost)  
  41  5:45  Adept x2  
  41  5:46  Probe (Chrono Boost)  
  41  5:48  Probe (Chrono Boost)  
  47  5:52  Stalker  
  49  5:57  Probe (Chrono Boost)  
  49  6:00  Observer  
  52  6:05  Probe (Chrono Boost)  
  52  6:08  Probe (Chrono Boost), Stalker  
  55  6:11  Adept  
  55  6:17  Probe (Chrono Boost)  
  58  6:18  Probe (Chrono Boost)  
  59  6:32  Adept x2  
  61  6:33  Adept  
  61  6:36  Immortal  
  69  6:55  Pylon  
  69  6:58  Pylon  
  69  7:04  Pylon  
  69  7:10  Warp Prism  
  71  7:29  Adept x3  
  71  7:48  Blink  
  71  8:04  Nexus  
  71  8:26  Stalker x3  
  77  8:53  Pylon  
  77  8:55  Pylon  
  77  8:57  Robotics Facility  
  77  9:00  Gateway  
  77  9:01  Gateway  
  77  9:02  Gateway  
  77  9:41  Stalker x2  
  77  9:43  Immortal  
  71  9:48  Immortal  
  79  9:58  Probe (Chrono Boost)  
  80  10:01  Probe (Chrono Boost)  
  80  10:04  Probe (Chrono Boost)  
  82  10:10  Probe (Chrono Boost)  
  82  10:12  Probe (Chrono Boost)  
  82  10:13  Assimilator  
  84  10:14  Assimilator  
  84  10:15  Probe (Chrono Boost)  
  85  10:22  Probe (Chrono Boost)  
  85  10:25  Probe (Chrono Boost)  
  87  10:35  Stalker x3  
  59  10:57  Adept x3  
  56  11:17  Stalker x5  
  56  11:18  Stalker  
Show
View Real Time Build Order
Export as new Build Order

Nickos Terran - Winner!

Build Orders:  

Get SALT Encoding   

  12  0:01  SCV  
  13  0:13  SCV  
  14  0:17  Supply Depot  
  14  0:25  SCV  
  15  0:39  SCV  
  15  0:41  Barracks  
  16  0:50  Refinery  
  16  0:51  SCV  
  17  1:03  SCV  
  18  1:15  SCV  
  20  1:33  Reaper  
  20  1:35  Orbital Command  
  20  1:41  Command Center  
  20  1:54  Barracks  
  20  2:02  SCV  
  20  2:05  Supply Depot  
  21  2:15  SCV  
  22  2:21  Refinery, Factory  
  22  2:33  Barracks Reactor  
  22  2:41  SCV  
  22  2:42  Barracks Tech Lab  
  23  2:53  SCV  
  23  2:54  Orbital Command  
  24  3:09  SCV  
  24  3:11  Bunker  
  25  3:14  Marine x3  
  25  3:18  Starport  
  25  3:19  Factory Reactor  
  29  3:27  SCV  
  29  3:32  SCV  
  30  3:35  Marine x2  
  30  3:36  Marine  
  30  3:39  SCV  
  34  3:44  SCV  
  34  3:45  Supply Depot  
  35  3:51  SCV  
  35  3:53  Marine, Stimpack  
  35  3:55  Marine x2  
  38  3:57  SCV  
  40  4:03  SCV  
  40  4:04  Bunker  
  40  4:09  Supply Depot, SCV  
  42  4:11  Marine  
  42  4:15  SCV  
  44  4:21  SCV  
  44  4:24  Marine  
  44  4:25  Marine  
  45  4:33  SCV x2  
  45  4:34  Medivac  
  49  4:42  Marine x2  
  49  4:45  SCV  
  52  4:48  Factory Tech Lab  
  52  4:53  Engineering Bay  
  52  4:54  Engineering Bay  
  52  4:58  Barracks  
  52  5:00  Barracks  
  52  5:02  Marine, SCV x2  
  52  5:03  Marine x2  
  57  5:11  Medivac  
  57  5:14  SCV  
  60  5:15  SCV  
  60  5:20  Marine  
  62  5:25  Supply Depot  
  62  5:26  Marine x2  
  62  5:27  Siege Tank  
  67  5:32  Terran Infantry Armor Level 1  
  67  5:33  Supply Depot  
  68  5:42  SCV  
  68  5:43  SCV  
  68  5:47  Terran Infantry Weapons Level 1  
  69  5:52  Marine x3  
  69  5:55  SCV  
  69  5:56  SCV  
  74  6:03  Refinery  
  74  6:07  Medivac, SCV  
  74  6:10  Marine  
  78  6:11  Marine x2  
  78  6:18  SCV  
  81  6:20  SCV  
  82  6:28  Marine  
  82  6:29  Marine x2  
  84  6:33  Command Center  
  84  6:43  Supply Depot  
  84  6:45  Marine  
  84  6:46  Supply Depot  
  85  6:48  Marine  
  85  6:49  Medivac, Siege Tank, Marine  
  92  7:00  Medivac  
  94  7:04  Marine  
  94  7:06  Marine x2  
  86  7:28  Marine x3  
  77  7:46  Marine  
  77  7:48  Marine  
  77  7:49  Marauder  
  79  7:51  Orbital Command  
  79  8:02  Barracks  
  79  8:04  Barracks x2  
  79  8:05  Refinery  
  79  8:06  Barracks, SCV x2  
  79  8:10  Marauder  
  79  8:11  Armory  
  83  8:14  Supply Depot  
  83  8:18  Medivac  
  83  8:19  Medivac, Marine x2  
  88  8:20  Supply Depot  
  89  8:32  Marauder  
  91  8:36  Liberator x2  
  91  8:45  SCV x2  
  91  8:46  Marine x2  
  95  8:50  Marine  
  95  8:51  Barracks Tech Lab x2  
  95  8:52  Barracks  
  95  8:53  Barracks, Marauder  
  95  8:55  Barracks  
  104  9:04  Marine x2  
  104  9:05  Terran Infantry Weapons Level 2, Supply Depot  
  106  9:13  Marine x3  
  108  9:28  Marine x3  
  108  9:29  Marauder  
  113  9:32  Barracks Reactor  
  113  9:35  SCV x2  
  115  9:46  Marine  
  115  9:47  SCV, Marine x5  
  115  9:48  Marine x2  
  124  9:58  Marine  
  125  10:13  Marine  
  126  10:14  Marine x4  
  126  10:15  Marine x4  
  126  10:16  Marine x2  
  134  10:31  Marine  
  118  10:53  Marine x3  
  118  10:54  Marine x6  
  118  10:55  Marine x2  
Tags
 
Add a new tag
Caveats
  • Supply blocks, unpowered buildings, or Contaminate may cause inaccurate times.
  • Supply counts are checked every 10 seconds.